 Dungeon Crawl Stone Soup version 0.30.1-11-g7821555f0a (webtiles) character file.

Game seed: 8558721090588772723

553 Descartes the Trooper (level 7, -19/37 HPs)
             Began as a Vine Stalker Fighter on Nov 12, 2023.
             Demolished by an ogre
             ... wielding a +0 giant club
              (24 damage)
             ... on level 3 of the Dungeon on Dec 2, 2023.
             The game lasted 00:06:02 (2855 turns).

Descartes the Trooper (Vine Stalker Fighter)        Turns: 2855, Time: 00:06:02

Health: -19/37     AC:  9    Str: 20    XL:     7   Next: 29%
Magic:  0/11       EV:  9    Int:  8    God:
Gold:   237        SH:  5    Dex: 14    Spells: 10/10 levels left

rFire   . . .        a - +0 war axe
rCold   . . .        c - +0 buckler
rNeg    . . .        b - +0 scale mail
rPois   .            (no helmet)
rElec   .            m - +0 cloak
rCorr   .            (no gloves)
SInv    .            n - +0 pair of boots
Will    .....        (no amulet) Stlth
                     (no ring)
HPRegen 1.06/turn    (no ring)
MPRegen 0.12/turn

%: guardian spirit
@: no status effects
A: fangs 2, regeneration 1, magic shield, antimagic bite, no potion heal 2
a: no special abilities


You were on level 3 of the Dungeon.
You visited 1 branch of the dungeon, and saw 4 of its levels.

You collected 237 gold pieces.

Inventory:

Hand Weapons
 a - a +0 war axe (weapon)
Missiles
 j - 13 poisoned darts (quivered)
 t - 5 boomerangs
Armour
 b - a +0 scale mail (worn)
 c - a +0 buckler (worn)
 m - a +0 cloak (worn)
 n - a +0 pair of boots (worn)
Jewellery
 r - a +6 ring of dexterity
 v - the ring of Coddigiy {Will+ Str+6 Dex+5 Slay-3}
   (You found it on level 4 of the Dungeon)

   [ring of strength]

   Str:       It affects your strength (+6).
   Dex:       It affects your dexterity (+5).
   Slay:      It affects your accuracy & damage with ranged weapons and melee
   (-3).
   Will:      It increases your willpower.
Scrolls
 e - 5 scrolls of identify {unknown}
 f - a scroll of vulnerability {unknown}
 g - a scroll of magic mapping {unknown}
 i - a scroll of enchant weapon {unknown}
 l - a scroll of teleportation {unknown}
 p - 2 scrolls of enchant armour {unknown}
 u - a scroll of fear {unknown}
Potions
 d - a potion of might
 h - a potion of attraction {unknown}
 k - a potion of resistance {unknown}
 o - 5 potions of brilliance {unknown}
 q - 3 potions of curing
 s - 2 potions of magic {unknown}


   Skills:
 + Level 4.0 Fighting
 + Level 3.3 Axes
 + Level 3.5 Armour
 + Level 3.9 Shields
 + Level 2.4 Spellcasting
 + Level 2.2 Evocations


You had 10 spell levels left.
You didn't know any spells.
Your spell library contained the following spells:

 Spells                   Type           Power      Damage    Failure   Level
 Ozocubu's Armour         Ice            0%         N/A       98%         3
 Ozocubu's Refrigeration  Ice            0%         4d7       100%        7


Dungeon Overview and Level Annotations

Branches:
Dungeon (4/15)
 Temple: D:4-7

Altars:
Ashenzari
Dithmenos
Kikubaaqudgha
Wu Jian
Xom
Yredelemnul

Shops:
D:4 !


Innate Abilities, Weirdness & Mutations

You have extremely sharp teeth.
Your natural rate of healing is unusually fast.
When hurt, damage is shared between your health and your magic reserves.
Your bite disrupts and absorbs the magic of your enemies.
Potions cannot restore your health.


Message History

The black bear is moderately wounded.
The black bear bites you but does no damage.
The black bear barely misses you. The black bear claws you.
You slash the black bear!
The black bear is severely wounded.
The black bear bites you. The black bear closely misses you.
The black bear claws you but does no damage.
You block the black bear's attack.
The black bear claws you but does no damage.
The black bear barely misses you.
You hit the black bear.
The black bear is almost dead.
The black bear bites you. You block the black bear's attack.
The black bear claws you but does no damage.
You hit the black bear.
You kill the black bear!
Your Fighting skill increases to level 4!
You miss the kobold. The kobold closely misses you.
The kobold hits you but does no damage.
Unknown command.
You miss the kobold. You bite the kobold.
You kill the kobold!
The ogre barely misses you.
You slash the ogre!
The ogre is heavily wounded.
The ogre hits you with a +0 giant club!
* * * LOW HITPOINT WARNING * * *
You barely miss the ogre.
The ogre is heavily wounded.
You barely miss the ogre.
The ogre is heavily wounded.
The ogre hits you with a +0 giant club!
* * * LOW HITPOINT WARNING * * *
Unknown command.
You closely miss the ogre. You bite the ogre! You drain its power.
You feel invigorated.
The ogre is almost dead.
The ogre hits you with a +0 giant club!!
Ouch! That really hurt!
You die...

.# #.# #.##...#..#.....## #.# .#
#.# #.##...###..##...# #.# (# #.#
#.##...# ##.##...### ##.# .# #.#
#.##...# #........####..# .# #.#
#.##...# #O.............# .###.#
#.##...# #........###.#.#
.....###.##...# #.##..~~.~~~.##.
.###..........####.##..~~#~#~#.#.
.# #.#####......@O.###..#8~~..~..
.# #.# #...####### #..#.~####).
.# #.# #..)# #..##~~..~#. .###.#
#..## #...#~.~.~#~
.....#####..####### #..~~~~.~.+~
#.##..........†...####.~~~_....+~
#.###############.##...~~#~~~.~+.
#.# #.##.#...#.....#. #.#
##########.##.#..##.~.~~#.


You could see an ogre.

Vanquished Creatures
  Grinder (D:4)
  2 black bears
  A hound (D:4)
  2 gnolls (D:1)
  3 adders
  4 dart slugs
  6 orcs (D:3)
  7 endoplasms
  2 giant cockroaches (D:1)
  8 goblins
  10 hobgoblins
  3 quokkas
  5 ball pythons
  8 bats
  15 kobolds
  4 rats
  A spectral kobold (D:3)
82 creatures vanquished.

Notes
Turn   | Place    | Note
-------+----------+-------------------------------------------
     0 | D:1      | Descartes the Vine Stalker Fighter began the quest for the
                  | Orb.
     0 | D:1      | Reached XP level 1. HP: 11/11 MP: 2/2
    96 | D:1      | Reached XP level 2. HP: 16/16 MP: 3/3
   212 | D:1      | Reached skill level 3 in Fighting
   212 | D:1      | Reached XP level 3. HP: 20/20 MP: 4/4
   998 | D:2      | Gained mutation: Your natural rate of healing is unusually
                  | fast. [Vine Stalker growth]
   998 | D:2      | Reached XP level 4. HP: 19/24 MP: 5/5
  1547 | D:3      | Found a faded altar of an unknown god.
  1842 | D:3      | Reached skill level 1 in Spellcasting
  1868 | D:3      | Reached skill level 1 in Evocations
  2168 | D:3      | Found a shimmering altar of Xom.
  2306 | D:4      | Reached XP level 5. HP: 28/28 MP: 7/7
  2326 | D:4      | Noticed Grinder
  2339 | D:4      | Killed Grinder
  2340 | D:4      | Reached XP level 6. HP: 23/33 MP: 5/10
  2391 | D:4      | Found Juus's Distillery.
  2478 | D:4      | Found an ornate altar of the Wu Jian Council.
  2494 | D:4      | Identified the ring of Coddigiy {Will+ Str+6 Dex+5 Slay-3}
  2655 | D:4      | Found a basalt altar of Yredelemnul.
  2690 | D:4      | Noticed a black bear
  2696 | D:4      | Killed a black bear
  2697 | D:4      | Reached XP level 7. HP: 34/37 MP: 8/11
  2721 | D:4      | Found a shadowy altar of Dithmenos.
  2747 | D:4      | Found a broken altar of Ashenzari.
  2754 | D:4      | Found an ancient bone altar of Kikubaaqudgha.
  2850 | D:3      | Reached skill level 4 in Fighting
  2855 | D:3      | Demolished by an ogre

Illustrated notes

Levels and vault maps discovered:
D:1:      minmay_arrival_wavy_path, layout_loops_ring, minmay_vboxes
D:2:      layout_loops_cross, minmay_cut_off
D:3:      layout_loops_ring, pf_just_have_faith,
          dreamdust_ecumenical_altar_drowned_temple
D:4:      layout_cave_pools, trog_hazing_becter, mainiacjoe_overflow_brackets,
          lemuel_coloured_pillars_altar, mainiacjoe_overflow_large_starburst,
          mainiacjoe_overflow_alcove_4, serial_shops,
          nicolae_shop_tiny_statue_garden, shop_statue, shop, shop, shop,
          serial_column_ruins, column_ruins_hut, column_ruins_hut,
          column_ruins_grid_4, column_ruins_open_large, column_ruins_open_small,
          column_ruins_open_small, column_ruins_columns_straight,
          hangedman_decor_push, uniq_grinder

Skill      XL: |  1  2  3  4  5  6  7 |
---------------+----------------------+-----
Axes           | 2 3 |  3.3
Shields        | 3 |  3.9
Fighting       | 3 4 |  4.0
Spellcasting   | 1 2 |  2.4
Evocations     | 1 2 |  2.2
Armour         | 3 |  3.5

Action                     |  1- 3 |  4- 6 |  7- 9 || total
---------------------------+-------+-------+-------++-------
  Melee: War axe           |    73 |   112 |    16 ||   201
         Bite              |    11 |    28 |     5 ||    44
 Armour: Scale mail        |    30 |    60 |    16 ||   106
  Dodge: Dodged            |    33 |    51 |    14 ||    98
  Block: Buckler           |    17 |    28 |    11 ||    56
